 Dungeon Crawl Stone Soup version 0.27-a0-1193-g8631133539 (webtiles) character file.

Game seed: 4440432225172719779

2891 Mesmaeker13 the Thaumaturge (level 9, -16/57 HPs)
             Began as a Mummy Summoner on May 26, 2021.
             Was a Believer of Sif Muna.
             Demolished by a boulder beetle (53 damage)
             ... on level 9 of the Dungeon.
             The game lasted 00:28:14 (15174 turns).

Mesmaeker13 the Thaumaturge (Mummy Summoner)       Turns: 15174, Time: 00:28:15

Health: -16/57     AC: 11    Str: 11    XL:     9   Next: 48%
Magic:  2/21       EV: 13    Int: 18    God:    Sif Muna [**....]
Gold:   276        SH:  7    Dex: 12    Spells: 12/25 levels left

rFire    . . .     SeeInvis .   a - +5 morningstar
rCold    + . .     Faith    .   t - +2 buckler
rNeg     + + +     Spirit   .   z - +0 steam dragon scales
rPois    ∞         Reflect  .   e - +1 helmet
rElec    .         Harm     .   f - +1 cloak
rCorr    .         Rampage  .   q - +0 pair of gloves
Will     ++...                  r - +0 pair of boots
Stlth    ++........             (no amulet)
HPRegen  0.19/turn              c - ring of willpower
MPRegen  0.17/turn              h - ring of protection from fire

@: no status effects
A: cold resistance 1, negative energy resistance 3, torment resistance 2, heat
vulnerability 1, no potions
a: Renounce Religion, Channel Magic


You were on level 9 of the Dungeon.
You worshipped Sif Muna.
Sif Muna was pleased with you.
You visited 2 branches of the dungeon, and saw 10 of its levels.
You also visited: Ossuary.

You collected 276 gold pieces.

Inventory:

Hand Weapons
 a - a +5 morningstar (weapon)
 l - a +0 spear
 p - the +3 hunting sling "Veuzxeso" {freeze, rElec}
   (You found it on level 4 of the Dungeon)

   It causes projectiles fired from it to freeze those they strike, causing
   extra injury to most foes and up to half again as much damage against
   particularly susceptible opponents.
   They can also slow down cold-blooded creatures.
   It insulates you from electricity.
Armour
 e - a +1 helmet (worn)
 f - a +1 cloak (worn)
 q - a +0 pair of gloves (worn)
 r - a +0 pair of boots (worn)
 t - a +2 buckler (worn)
 x - the +0 ring mail of Reweenu {rC+ rN++ rCorr Str-2}
   (You found it on level 7 of the Dungeon)

   It affects your strength (-2).
   It protects you from cold.
   It greatly protects you from negative energy.
   It protects you from acid and corrosion.
 z - +0 steam dragon scales (worn)
Jewellery
 c - a ring of willpower (left hand)
 h - a ring of protection from fire (right hand)
 v - a +6 ring of intelligence
 A - a ring of protection from fire
Wands
 j - a wand of flame (23)
 u - a wand of iceblast (3)
Scrolls
 b - a scroll of immolation {unknown}
 d - 3 scrolls of magic mapping {unknown}
 g - 5 scrolls of blinking
 i - 3 scrolls of amnesia
 k - a scroll of fear {unknown}
 m - a scroll of enchant weapon
 n - 2 scrolls of teleportation
 o - 4 scrolls of noise
 s - 3 scrolls of vulnerability {unknown}
 w - a scroll of torment {unknown}


   Skills:
 + Level 3.7 Dodging
 - Level 1.5 Stealth
 - Level 4.0 Shields
 + Level 8.6 Spellcasting
 + Level 6.6 Summonings
 + Level 4.9 Ice Magic


You had 12 spell levels left.
You knew the following spells:

 Your Spells              Type           Power      Damage    Failure   Level
a - Summon Lightning Spi  Summ/Air       19%        N/A       24%         4
b - Call Imp              Summ           31%        N/A       1%          2
c - Call Canine Familiar  Summ           31%        N/A       1%          3
d - Summon Ice Beast      Ice/Summ       28%        N/A       9%          4

Your spell library contained the following spells:

 Spells                   Type           Power      Damage    Failure   Level
 Summon Small Mammal      Summ           100%       N/A       1%          1
 Summon Guardian Golem    Hex/Summ       19%        N/A       7%          3
 Foxfire                  Conj/Fire      28%        2x1d5     10%         1
 Conjure Flame            Conj/Fire      7%         6-21      28%         3
 Inner Flame              Hex/Fire       7%         N/A       28%         3
 Sticky Flame             Conj/Fire      7%         2d3       67%         4
 Fireball                 Conj/Fire      3%         3d4       95%         5


Dungeon Overview and Level Annotations

Branches:
Dungeon (9/15)             Temple (1/1) D:5         Ossuary (visited)
   Lair: D:8-11         Orc: D:9-12

Altars:
Ashenzari
Cheibriados
Dithmenos
Elyvilon
Fedhas
Gozag
Hepliaklqana
Kikubaaqudgha
Makhleb
Okawaru
Qazlal
Ru
Sif Muna
Trog
Vehumet
Wu Jian
Xom
Yredelemnul
Zin
The Shining One

Shops:
D:3 ?

Annotations:
D:7 1 runed translucent door, PeterLawrence's ghost, novice MiFi


Innate Abilities, Weirdness & Mutations

You are immune to poison.
Your flesh is cold resistant. (rC+)
You are immune to negative energy. (rN+++)
You are immune to unholy pain and torment.
You are vulnerable to heat. (rF-)
You do not drink.


Message History

The mass of ice explodes!
The iceblast engulfs the boulder beetle but does no damage.
The boulder beetle is heavily wounded.
The boulder beetle curls into a ball and begins rolling!
Aiming: Iceblast
Press: ? - help, Shift-Dir - straight line, f/p - boulder beetle
Aim: a boulder beetle (heavily wounded, rolling)
The mass of ice explodes!
The iceblast engulfs the boulder beetle!
The boulder beetle is severely wounded.
The boulder beetle barely misses you.
The boulder beetle stops rolling and uncurls.
You fail to use your ability.
The boulder beetle misses you.
The boulder beetle waves its antennae.
Aiming: Iceblast
Press: ? - help, Shift-Dir - straight line, f/p - boulder beetle
Aim: a boulder beetle (severely wounded) That beam is likely to hit you.
Continue anyway?
Okay, then.
Unknown command.
The boulder beetle curls into a ball and begins rolling!
You block the boulder beetle's attack.
The boulder beetle stops rolling and uncurls.
The boulder beetle curls into a ball and begins rolling!
Aiming: Iceblast
Press: ? - help, Shift-Dir - straight line, f/p - boulder beetle
Aim: a boulder beetle (severely wounded, rolling)
The mass of ice explodes!
The iceblast engulfs the boulder beetle.
The boulder beetle is severely wounded.
The boulder beetle closely misses you.
The boulder beetle stops rolling and uncurls.
Casting: Summon Ice Beast (dangerous; 9% risk of failure)
Confirm with . or Enter, or press ? or * to list all spells.
A chill wind blows around you. The boulder beetle bites you!
The boulder beetle curls into a ball and begins rolling!
Your ice beast hits the boulder beetle but does no damage.
The boulder beetle hits you!!!
Ouch! That really hurt!
You die...

............#..
#...#.........### ....
##....#.....#
.....#####..##...##
.......###..##...# ..
........#......##
#..###...........###
#...#...........##
............B@....#
...#.......○....###
##.#.....Y°......#
.###........°...#....#
.##.............##.###
.##............#####
...............#
.###......)...###
...###..........#


You could see a boulder beetle (rolling, ally target) and a friendly ice beast
(summoned).

Vanquished Creatures
  A two-headed ogre (D:9)
  2 steam dragons (D:7)
  A sky beast (D:6)
  2 centaurs
  2 phantoms
  2 bullfrogs
  A gnoll sergeant (D:6)
  A nameless horror (D:5)
  7 wights
  A howler monkey (D:8)
  A centaur zombie (D:6)
  2 orc priests
  A centaur skeleton (D:5)
  An iguana (D:4)
  Natasha (twice) (D:3)
  An orc wizard (D:8)
  2 howler monkey zombies (D:9)
  A howler monkey skeleton (D:4)
  A gnoll (D:5)
  4 adders
  A shadow imp (D:5)
  2 white imps
  An adder zombie (Ossuary)
  2 dart slugs
  14 orcs
  2 endoplasms (D:2)
  2 giant cockroaches
  11 goblins
  11 hobgoblins
  3 jackals
  5 quokkas
  7 ball pythons
  3 bats
  A frilled lizard (D:3)
  7 kobolds
  A kobold zombie (Ossuary)
  An orc zombie (Ossuary)
  3 rats
113 creatures vanquished.

Vanquished Creatures (collateral kills)
  A hornet (D:8)
  2 wraiths (Ossuary)
  2 orc warriors
  A sky beast (D:8)
  2 necrophages
  An ogre (D:7)
  A centaur (D:6)
  2 kobold brigands (D:8)
  2 bullfrogs
  A scorpion (D:7)
  A water moccasin zombie (D:5)
  3 wights
  A hound (D:6)
  2 centaur zombies
  A jelly (D:4)
  5 orc priests
  Jessica (D:2)
  An iguana (D:6)
  Natasha (D:3)
  An orc wizard (D:8)
  Robin (D:3)
  4 adders
  10 gnolls
  2 white imps
  An ufetubus (D:4)
  2 worms (D:2)
  2 dart slugs (D:1)
  15 orcs
  7 endoplasms
  A giant cockroach (D:2)
  10 goblins
  5 hobgoblins
  A jackal (D:2)
  11 kobolds
  A bat (D:1)
  2 frilled lizards
  2 orc skeletons (Ossuary)
  An orc zombie (Ossuary)
  A rat (D:2)
111 creatures vanquished.

Vanquished Creatures (others)
  5 plants (D:6)
5 creatures vanquished.

Grand Total: 229 creatures vanquished

Notes
Turn   | Place    | Note
-------+----------+-------------------------------------------
     0 | D:1      | Mesmaeker13 the Mummy Summoner began the quest for the Orb.
     0 | D:1      | Reached XP level 1. HP: 13/13 MP: 4/4
   461 | D:1      | Reached skill level 3 in Spellcasting
   637 | D:1      | Reached XP level 2. HP: 19/19 MP: 3/6
   895 | D:1      | Found a faded altar of an unknown god.
  1408 | D:2      | Learned a level 2 spell: Call Imp
  1662 | D:2      | Reached XP level 3. HP: 24/24 MP: 4/7
  2113 | D:2      | Noticed Jessica
  2125 | D:2      | Killed Jessica
  2126 | D:2      | Reached XP level 4. HP: 30/30 MP: 4/9
  2363 | D:2      | Reached skill level 4 in Spellcasting
  2879 | D:3      | Learned a level 3 spell: Call Canine Familiar
  3035 | D:3      | Noticed Natasha
  3035 | D:3      | Noticed Robin
  3076 | D:3      | Killed Robin
  3111 | D:3      | Killed Natasha
  3112 | D:3      | Reached XP level 5. HP: 18/35 MP: 2/11
  3435 | D:3      | Found Gusemeir's Magic Scroll Shoppe.
  3441 | D:3      | Noticed Natasha
  3453 | D:3      | Killed Natasha
  3550 | D:3      | Noticed Natasha
  3570 | D:3      | Killed Natasha
  4725 | D:4      | Learned a level 4 spell: Summon Ice Beast
  4812 | D:4      | Found a shimmering altar of Xom.
  5141 | D:4      | Identified the +3 hunting sling "Veuzxeso" {freeze, rElec}
  5339 | D:4      | Reached XP level 6. HP: 41/41 MP: 3/13
  5563 | D:4      | Reached skill level 5 in Spellcasting
  5834 | D:4      | Reached skill level 1 in Ice Magic
  6008 | D:5      | Entered Level 5 of the Dungeon
  6126 | D:5      | Found a staircase to the Ecumenical Temple.
  6182 | Temple   | Entered the Ecumenical Temple
  6189 | Temple   | Became a worshipper of Sif Muna the Loreminder
  6354 | D:5      | Noticed an orc warrior
  7283 | D:6      | Reached skill level 1 in Shields
  7450 | D:6      | Reached XP level 7. HP: 34/46 MP: 1/15
  7559 | D:5      | Found a blossoming altar of Fedhas.
  7561 | D:5      | Found a burning altar of Makhleb.
  7758 | D:5      | Noticed a nameless horror
  8670 | D:6      | Reached skill level 5 in Summonings
  8748 | D:6      | Reached * piety under Sif Muna
  8947 | D:6      | Reached skill level 6 in Spellcasting
  9606 | D:7      | Identified the +0 ring mail of Reweenu {rC+ rN++ rCorr
                  | Str-2}
  9650 | D:7      | Found a runed translucent door.
  9650 | D:7      | Noticed PeterLawrence's ghost (novice MiFi)
  9657 | D:7      | Found a sand-covered staircase.
  9666 | Ossuary  | Entered an ossuary
  9898 | Ossuary  | Reached XP level 8. HP: 51/52 MP: 17/17
 10132 | Ossuary  | Noticed a flying skull
 10468 | Ossuary  | Noticed a flying skull
 10469 | Ossuary  | Noticed a flying skull
 10477 | Ossuary  | Noticed a flying skull
 10745 | D:7      | Found an ornate altar of the Wu Jian Council.
 11107 | D:7      | Reached skill level 7 in Spellcasting
 12155 | D:8      | Noticed a hornet
 12471 | D:8      | Noticed a two-headed ogre
 12503 | D:8      | Reached ** piety under Sif Muna
 12618 | D:8      | Killed a hornet
 12800 | D:8      | Reached XP level 9. HP: 57/57 MP: 20/20
 13578 | D:8      | Reached skill level 8 in Spellcasting
 14957 | D:9      | Learned a level 4 spell: Summon Lightning Spire
 14981 | D:9      | Noticed a two-headed ogre
 15000 | D:9      | Killed a two-headed ogre
 15119 | D:9      | Noticed a boulder beetle
 15174 | D:9      | Demolished by a boulder beetle

Illustrated notes

Levels and vault maps discovered:
D:1:      minmay_arrival_stair_chambers, layout_loops_ring,
          basic_ecumenical_altar, corner_web_ring, minmay_misc_feat_tiny,
          minmay_distorted
D:2:      minmay_evil_eye, layout_loops_ring, kennysheep_generic_room_15,
          uniq_jessica
D:3:      layout_basic, serial_shops, shop_fountains, uniq_natasha, uniq_robin
D:4:      corexii_shack_village, layout_basic, nicolae_overflow_hidden_temple,
          minmay_misc_feat_x
D:5:      layout_loops_corners, grunt_temple_overflow_diamond,
          minmay_temple_entry_waves, serial_rivers,
          chequers_serial_rivers_micro_a, chequers_serial_rivers_large_b,
          chequers_serial_rivers_small_a, chequers_serial_rivers_small_3,
          chequers_serial_rivers_small_b, chequers_serial_rivers_micro_b
D:6:      layout_basic, serial_bayou_crossing
D:7:      layout_basic, overflow_temple_1_default,
          hellmonk_ghost_happy_afterlife, lightli_ossuary_entry_decrepit_ruins
D:8:      layout_gridville, minmay_tree_intersection, kennysheep_small_spiral
D:9:      layout_cave_pools, grunt_nemelex_the_gamble, lemuel_doored_altar
Temple:   nicolae_temple_no_exploring_needed

Skill      XL: |  1  2  3  4  5  6  7  8  9 |
---------------+----------------------------+-----
Spellcasting   | 3 4 5 6 7 8 |  8.6
Dodging        | 2 3 |  3.7
Summonings     | 4 5 6 |  6.6
Ice Magic      | 1 2 4 |  4.9
Shields        | 1 2 3 4 |  4.0
Stealth        | |  1.5

Action                   |  1- 3 |  4- 6 |  7- 9 || total
-------------------------+-------+-------+-------++-------
Melee: Hand axe          |    52 |       |       ||    52
       Spear             |    11 |     6 |       ||    17
       Short sword       |       |   167 |    31 ||   198
       Whip              |       |       |   163 ||   163
       Morningstar       |       |       |    48 ||    48
Throw: Dart              |       |       |     1 ||     1
 Cast: Summon Small Mamm |    30 |     5 |     2 ||    37
       Call Imp          |    18 |    76 |    70 ||   164
       Call Canine Famil |       |    26 |    42 ||    68
       Summon Ice Beast  |       |       |    24 ||    24
Evoke: Wand              |       |     2 |     9 ||    11
  Use: Scroll            |     1 |     4 |     3 ||     8
 Stab: Sleeping          |     1 |     3 |     2 ||     6
       Distracted        |       |     2 |     4 ||     6
Armor: Robe              |    27 |    77 |    52 ||   156
       Steam dragon scal |       |       |    29 ||    29
Dodge: Dodged            |    67 |   123 |   134 ||   324
Block: Buckler           |       |       |    75 ||    75

Table legend: (Time is in decaauts)
 A = Elapsed time spent in this place.
 B = Non-inter-level travel time spent in this place.
 C = Inter-level travel time spent in this place.
 D = Time resting spent in this place.
 E = Time spent auto-exploring this place.
 F = Levels seen in this place.
 G = Mean time per level.
                   A        B        C        D        E       F      G
               +--------+--------+--------+--------+--------+-----+--------+
         Total |  15327 |  14423 |    904 |   4382 |   6725 |  11 | 1393.4 |
       Dungeon |  14254 |  13356 |    898 |   3690 |   6725 |   9 | 1583.8 |
        Temple |     14 |      8 |      6 |      0 |      0 |   1 |   14.0 |
       Ossuary |   1059 |   1059 |      0 |    692 |      0 |   1 | 1059.0 |
               +--------+--------+--------+--------+--------+-----+--------+

Top non-repeatable levels by time:
     D:5: 1979 daAuts
     D:7: 1903 daAuts
     D:6: 1819 daAuts
     D:8: 1812 daAuts
     D:2: 1778 daAuts
     D:3: 1720 daAuts
     D:4: 1703 daAuts
     D:1: 1307 daAuts
 Ossuary: 1059 daAuts
     D:9: 229 daAuts
  Temple: 14 daAuts
